TOP OF THE 1ST |
Palm Beach Cardinals batting - Pitching for Charlotte Stone Crabs : RHP Greg Spaulding
|
Pitching: RHP Greg Spaulding
|
|
Batting: RHB Josh Broome
|
0-0: Ball 1-0: Swinging Strike 1-1: Ball 2-1: Foul Ball, location: 2F 2-2: Ball 3-2: Base on Balls
|
Batting: RHB Immel Kamuzu
|
0-0: Called Strike 0-1: Foul Ball, location: 2F 0-2: Ball 1-2: Foul Ball, location: 2F 1-2: Ball 2-2: Hit by Pitch Josh Broome to second
|
Batting: LHB Billy Guzman
|
0-0: Foul Ball, location: 2F 0-1: Fly out, F7 (Flyball, 7D, EV 95.0 MPH) Runner from 2nd tags up, SAFE at 3rd, no throw by LF
|
Batting: RHB Mark Marks
|
0-0: Foul Ball, location: 2F 0-1: Ball 1-1: Grounds into double play, 4-6-3 (Groundball, 4, EV 107.5 MPH)
|
Top of the 1st over - 0 runs, 0 hits, 0 errors, 1 left on base; Palm Beach 0 - Charlotte 0 |
BOTTOM OF THE 1ST |
Charlotte Stone Crabs batting - Pitching for Palm Beach Cardinals : RHP Mario Machado
|
Pitching: RHP Mario Machado
|
|
Batting: LHB Jeremy Burton
|
0-0: Called Strike 0-1: Ball 1-1: Ball 2-1: Ball 3-1: Base on Balls
|
Batting: LHB Darryl Gonnella
|
0-0: Fly out, F4 (Popup, 4M, EV 61.9 MPH)
|
Batting: RHB David Ward
|
0-0: Ball Jeremy Burton steals 2nd base 1-0: Called Strike 1-1: Foul Ball, location: 2F 1-2: Ball 2-2: Ball 3-2: SINGLE (Groundball, 6D, EV 95.6 MPH) Jeremy Burton to third Runner from 3rd tries for Home, SAFE, throw by CF to home
|
Batting: RHB Azedine Kirui
|
0-0: Fly out, F3 (Popup, 3S, EV 81.2 MPH)
|
Batting: SHB Julio Hernandez
|
0-0: Foul Ball, location: 2F 0-1: Swinging Strike 0-2: Ball 1-2: Strikes out swinging
|
Bottom of the 1st over - 1 run, 1 hit, 0 errors, 1 left on base; Palm Beach 0 - Charlotte 1 |
TOP OF THE 2ND |
Palm Beach Cardinals batting - Pitching for Charlotte Stone Crabs : RHP Greg Spaulding
|
Batting: SHB Justin Houser
|
0-0: Called Strike 0-1: Swinging Strike 0-2: Strikes out swinging
|
Batting: RHB John Peterson
|
0-0: Ball 1-0: Called Strike 1-1: Ball 2-1: TRIPLE (Flyball, 89XD, EV 105.6 MPH)
|
Batting: RHB Tyler Walker
|
0-0: Ball 1-0: Ball 2-0: Called Strike 2-1: Ball 3-1: Base on Balls
|
Batting: RHB Tommy Tracy
|
0-0: Swinging Strike 0-1: Fielders Choice at 2nd, 5-4 (Groundball, 56S, EV 86.2 MPH) John Peterson scores
|
Batting: RHB McGwire Jones
|
0-0: Called Strike 0-1: Called Strike 0-2: Ball 1-2: Strikes out swinging
|
Top of the 2nd over - 1 run, 1 hit, 0 errors, 1 left on base; Palm Beach 1 - Charlotte 1 |
BOTTOM OF THE 2ND |
Charlotte Stone Crabs batting - Pitching for Palm Beach Cardinals : RHP Mario Machado
|
Batting: RHB Jose Arriola
|
0-0: Ground out 5-3 (Groundball, 56S, EV 69.4 MPH)
|
Batting: RHB Kunizo Yanagisawa
|
0-0: Ball 1-0: DOUBLE (Groundball, 5L, EV 106.2 MPH)
|
Batting: SHB Josif Popovski
|
0-0: Ground out 4-3 (Groundball, 34D, EV 101.2 MPH) Kunizo Yanagisawa to third
|
Batting: RHB Chris Glavin
|
0-0: Ball 1-0: Foul Ball, location: 2F 1-1: Ball 2-1: 2-RUN HOME RUN (Flyball, 7LD, EV 95.6 MPH), Distance : 357 ft
|
Batting: LHB Jeremy Burton
|
0-0: Ball 1-0: Ball 2-0: Ball 3-0: Base on Balls
|
Batting: LHB Darryl Gonnella
|
0-0: Ball 1-0: Swinging Strike 1-1: Called Strike 1-2: Ball 2-2: Fly out, F8 (Flyball, 8LD, EV 101.9 MPH)
|
Bottom of the 2nd over - 2 runs, 2 hits, 0 errors, 1 left on base; Palm Beach 1 - Charlotte 3 |
TOP OF THE 3RD |
Palm Beach Cardinals batting - Pitching for Charlotte Stone Crabs : RHP Greg Spaulding
|
Batting: RHB Josh Broome
|
0-0: Fly out, F8 (Flyball, 8RM, EV 77.5 MPH)
|
Batting: RHB Immel Kamuzu
|
0-0: Called Strike 0-1: Ball 1-1: Ball 2-1: Ball 3-1: Foul Ball, location: 2F 3-2: Ground out 6-3 (Groundball, 6, EV 78.8 MPH)
|
Batting: LHB Billy Guzman
|
0-0: Called Strike 0-1: Called Strike 0-2: Ball 1-2: Ground out 4-3 (Groundball, 4, EV 103.1 MPH)
|
Top of the 3rd over - 0 runs, 0 hits, 0 errors, 0 left on base; Palm Beach 1 - Charlotte 3 |
BOTTOM OF THE 3RD |
Charlotte Stone Crabs batting - Pitching for Palm Beach Cardinals : RHP Mario Machado
|
Batting: RHB David Ward
|
0-0: Ball 1-0: Ball 2-0: Called Strike 2-1: Foul Ball, location: 2F 2-2: Strikes out swinging
|
Batting: RHB Azedine Kirui
|
0-0: Called Strike 0-1: Called Strike 0-2: Ball 1-2: Strikes out swinging
|
Batting: SHB Julio Hernandez
|
0-0: Swinging Strike 0-1: Ball 1-1: Called Strike 1-2: Foul Ball, location: 2F 1-2: Strikes out swinging
|
Bottom of the 3rd over - 0 runs, 0 hits, 0 errors, 0 left on base; Palm Beach 1 - Charlotte 3 |
TOP OF THE 4TH |
Palm Beach Cardinals batting - Pitching for Charlotte Stone Crabs : RHP Greg Spaulding
|
Batting: RHB Mark Marks
|
0-0: Foul Ball, location: 2F 0-1: Ball 1-1: Swinging Strike 1-2: SINGLE (Line Drive, 5D, EV 101.2 MPH)
|
Batting: SHB Justin Houser
|
0-0: Grounds into double play, 1-4-3 (Groundball, 15S, EV 65.0 MPH)
|
Batting: RHB John Peterson
|
0-0: Foul Ball, location: 2F 0-1: Called Strike 0-2: Strikes out looking
|
Top of the 4th over - 0 runs, 1 hit, 0 errors, 0 left on base; Palm Beach 1 - Charlotte 3 |
BOTTOM OF THE 4TH |
Charlotte Stone Crabs batting - Pitching for Palm Beach Cardinals : RHP Mario Machado
|
Batting: RHB Jose Arriola
|
0-0: Ball 1-0: Foul Ball, location: 2F 1-1: Foul Ball, location: 2F 1-2: Foul Ball, location: 2F 1-2: Ball 2-2: Fly out, F8 (Flyball, 8RD, EV 101.9 MPH)
|
Batting: RHB Kunizo Yanagisawa
|
0-0: Ball 1-0: Ball 2-0: Foul Ball, location: 2F 2-1: Ball 3-1: Foul Ball, location: 2F 3-2: Foul Ball, location: 2F 3-2: Foul Ball, location: 2F 3-2: Base on Balls
|
Batting: SHB Josif Popovski
|
0-0: SINGLE (Groundball, 13, EV 86.2 MPH) (infield hit) Kunizo Yanagisawa to second
|
Batting: RHB Chris Glavin
|
0-0: Called Strike 0-1: Foul Ball, location: 2F 0-2: Ball 1-2: Ball 2-2: Foul Ball, location: 2F 2-2: Ball 3-2: Fielders Choice at 2nd, 5-4 (Groundball, 56S, EV 92.5 MPH) Kunizo Yanagisawa to third
|
Batting: LHB Jeremy Burton
|
0-0: Ball 1-0: Ground out 3-1 (Groundball, 34, EV 97.5 MPH)
|
Bottom of the 4th over - 0 runs, 1 hit, 0 errors, 2 left on base; Palm Beach 1 - Charlotte 3 |
TOP OF THE 5TH |
Palm Beach Cardinals batting - Pitching for Charlotte Stone Crabs : RHP Greg Spaulding
|
Batting: RHB Tyler Walker
|
0-0: Ball 1-0: Ball 2-0: Called Strike 2-1: Ball 3-1: Base on Balls
|
Batting: RHB Tommy Tracy
|
0-0: Ball 1-0: Called Strike Tyler Walker is caught stealing 2nd base 2-4 1-1: Ball 2-1: TRIPLE (Line Drive, 9LD, EV 105.6 MPH)
|
Batting: RHB McGwire Jones
|
0-0: Ball 1-0: Called Strike 1-1: Swinging Strike 1-2: Ball 2-2: Foul Ball, location: 2F 2-2: Strikes out swinging
|
Batting: RHB Josh Broome
|
0-0: Ball 1-0: Ground out 6-3 (Groundball, 6, EV 92.5 MPH)
|
Top of the 5th over - 0 runs, 1 hit, 0 errors, 1 left on base; Palm Beach 1 - Charlotte 3 |
BOTTOM OF THE 5TH |
Charlotte Stone Crabs batting - Pitching for Palm Beach Cardinals : RHP Mario Machado
|
Batting: LHB Darryl Gonnella
|
0-0: Ball 1-0: Ground out U3 (Groundball, 34, EV 97.5 MPH)
|
Batting: RHB David Ward
|
0-0: Ball 1-0: Swinging Strike 1-1: Ball 2-1: Called Strike 2-2: Reached on error, E6 (Groundball, 56D, EV 85.0 MPH)
|
Pitching: RHP Danny Cook
|
|
Batting: RHB Azedine Kirui
|
0-0: Ball 1-0: Called Strike 1-1: Swinging Strike 1-2: Ball 2-2: Ball 3-2: Strikes out swinging
|
Batting: SHB Julio Hernandez
|
0-0: Called Strike 0-1: Ball 1-1: Ball 2-1: Called Strike 2-2: Strikes out swinging
|
Bottom of the 5th over - 0 runs, 0 hits, 1 error, 1 left on base; Palm Beach 1 - Charlotte 3 |
TOP OF THE 6TH |
Palm Beach Cardinals batting - Pitching for Charlotte Stone Crabs : RHP Greg Spaulding
|
Batting: RHB Immel Kamuzu
|
0-0: Ball 1-0: DOUBLE (Line Drive, 7LM, EV 113.1 MPH)
|
Batting: LHB Billy Guzman
|
0-0: Ball 1-0: Ground out 4-3 (Groundball, 34D, EV 107.5 MPH) Immel Kamuzu to third
|
Batting: RHB Mark Marks
|
0-0: Called Strike 0-1: Swinging Strike 0-2: Foul Ball, location: 2F 0-2: Foul Ball, location: 2F 0-2: Ball 1-2: Foul Ball, location: 2F 1-2: Foul Ball, location: 2F 1-2: 2-RUN HOME RUN (Line Drive, 7LD, EV 105.6 MPH), Distance : 407 ft
|
Batting: SHB Justin Houser
|
0-0: Called Strike 0-1: Foul Ball, location: 2F 0-2: Fly out, F9 (Flyball, 89S, EV 92.5 MPH)
|
Batting: RHB John Peterson
|
0-0: Ball 1-0: Called Strike 1-1: Ball 2-1: Ball 3-1: Ground out 4-3 (Groundball, 34, EV 89.4 MPH)
|
Top of the 6th over - 2 runs, 2 hits, 0 errors, 0 left on base; Palm Beach 3 - Charlotte 3 |
BOTTOM OF THE 6TH |
Charlotte Stone Crabs batting - Pitching for Palm Beach Cardinals : RHP Danny Cook
|
Batting: RHB Jose Arriola
|
0-0: Called Strike 0-1: Called Strike 0-2: Hit by Pitch
|
Batting: RHB Kunizo Yanagisawa
|
0-0: Ball 1-0: Ball 2-0: Ball 3-0: Called Strike 3-1: Foul Ball, location: 2F 3-2: Base on Balls Jose Arriola to second
|
Batting: SHB Josif Popovski
|
0-0: Called Strike 0-1: Ball 1-1: Ball 2-1: Foul Ball, location: 2F 2-2: Strikes out swinging
|
Batting: RHB Chris Glavin
|
0-0: Fielders Choice at 2nd, 6-4 (Groundball, 6, EV 85.0 MPH) Jose Arriola to third
|
Batting: LHB Jeremy Burton
|
0-0: Ball 1-0: Called Strike 1-1: Ball 2-1: Called Strike 2-2: Ball 3-2: Ground out 6-3 (Groundball, 6MD, EV 85.0 MPH)
|
Bottom of the 6th over - 0 runs, 0 hits, 0 errors, 2 left on base; Palm Beach 3 - Charlotte 3 |
TOP OF THE 7TH |
Palm Beach Cardinals batting - Pitching for Charlotte Stone Crabs : RHP Greg Spaulding
|
Batting: RHB Tyler Walker
|
0-0: Foul Ball, location: 2F 0-1: Ball 1-1: Swinging Strike 1-2: Foul Ball, location: 2F 1-2: Foul Ball, location: 2F 1-2: Ball 2-2: Ball 3-2: Foul Ball, location: 2F 3-2: Foul Ball, location: 2F 3-2: Fly out, F4 (Flyball, 4MD, EV 85.6 MPH)
|
Batting: RHB Tommy Tracy
|
0-0: Ball 1-0: Called Strike 1-1: Swinging Strike 1-2: Foul Ball, location: 2F 1-2: Strikes out swinging
|
Batting: RHB McGwire Jones
|
0-0: Ball 1-0: Called Strike 1-1: Called Strike 1-2: Foul Ball, location: 2F 1-2: DOUBLE (Line Drive, 9LS, EV 115.0 MPH)
|
Pitching: RHP Josh McMahan
|
|
Batting: RHB Josh Broome
|
0-0: Ball 1-0: Foul Ball, location: 2F 1-1: Called Strike 1-2: Ball 2-2: Ball 3-2: Base on Balls
|
Batting: RHB Immel Kamuzu
|
0-0: Ball 1-0: Swinging Strike 1-1: Swinging Strike 1-2: Strikes out swinging
|
Top of the 7th over - 0 runs, 1 hit, 0 errors, 2 left on base; Palm Beach 3 - Charlotte 3 |
BOTTOM OF THE 7TH |
Charlotte Stone Crabs batting - Pitching for Palm Beach Cardinals : RHP Danny Cook
|
Pitching: RHP Gareth Haigh
|
|
Batting: LHB Darryl Gonnella
|
0-0: Called Strike 0-1: Fly out, F7 (Flyball, 7, EV 95.6 MPH)
|
Batting: RHB David Ward
|
0-0: Called Strike 0-1: Ball 1-1: Called Strike 1-2: Ball 2-2: SINGLE (Flyball, 5D, EV 93.8 MPH)
|
Batting: RHB Azedine Kirui
|
0-0: SINGLE (Line Drive, 6MD, EV 98.8 MPH) David Ward to second
|
Batting: SHB Julio Hernandez
|
0-0: Ball 1-0: Ball 2-0: DOUBLE (Groundball, 3L, EV 108.1 MPH) David Ward scores Azedine Kirui to third
|
Batting: RHB Jose Arriola
|
0-0: Intentional Walk
|
Batting: RHB Kunizo Yanagisawa
|
0-0: Ball 1-0: Swinging Strike 1-1: Ball 2-1: DOUBLE (Groundball, 5L, EV 108.8 MPH) Azedine Kirui scores Julio Hernandez scores Jose Arriola to third
|
Batting: SHB Josif Popovski
|
0-0: Ball 1-0: Swinging Strike 1-1: Fly out, F7 (Flyball, 7D, EV 100.0 MPH) Runner from 3rd tags up, SCORES, no throw by LF Kunizo Yanagisawa to third
|
Pitching: RHP Nick Mistretta
|
|
Batting: RHB Chris Glavin
|
0-0: Ball 1-0: Foul Ball, location: 2F 1-1: Ball 2-1: Ball 3-1: Foul Ball, location: 2F 3-2: Ground out 5-3 (Groundball, 5L, EV 78.8 MPH)
|
Bottom of the 7th over - 4 runs, 4 hits, 0 errors, 1 left on base; Palm Beach 3 - Charlotte 7 |
TOP OF THE 8TH |
Palm Beach Cardinals batting - Pitching for Charlotte Stone Crabs : RHP Josh McMahan
|
Batting: LHB Billy Guzman
|
0-0: Foul Ball, location: 2F 0-1: Called Strike 0-2: Ball 1-2: Foul Ball, location: 2F 1-2: Strikes out swinging
|
Batting: RHB Mark Marks
|
0-0: Called Strike 0-1: Called Strike 0-2: Fly out, F8 (Flyball, 8LXD, EV 101.2 MPH)
|
Batting: SHB Justin Houser
|
0-0: Ball 1-0: Ball 2-0: Ball 3-0: Base on Balls
|
Batting: RHB John Peterson
|
0-0: Ball 1-0: Foul Ball, location: 2F 1-1: Foul Ball, location: 2F 1-2: Foul Ball, location: 2F 1-2: Ball 2-2: Foul Ball, location: 2F 2-2: Strikes out swinging
|
Top of the 8th over - 0 runs, 0 hits, 0 errors, 1 left on base; Palm Beach 3 - Charlotte 7 |
BOTTOM OF THE 8TH |
Charlotte Stone Crabs batting - Pitching for Palm Beach Cardinals : RHP Nick Mistretta
|
Batting: LHB Jeremy Burton
|
0-0: Called Strike 0-1: Ball 1-1: Fly out, F8 (Flyball, 78M, EV 83.8 MPH)
|
Batting: LHB Darryl Gonnella
|
0-0: Swinging Strike 0-1: Swinging Strike 0-2: Ball 1-2: Strikes out swinging
|
Batting: RHB David Ward
|
0-0: Called Strike 0-1: Ball 1-1: Fly out, F7 (Flyball, 7S, EV 89.4 MPH)
|
Bottom of the 8th over - 0 runs, 0 hits, 0 errors, 0 left on base; Palm Beach 3 - Charlotte 7 |
TOP OF THE 9TH |
Palm Beach Cardinals batting - Pitching for Charlotte Stone Crabs : RHP Josh McMahan
|
Pitching: LHP Brian Kelly
|
|
Batting: RHB Tyler Walker
|
0-0: Ball 1-0: Ball 2-0: Foul Ball, location: 2F 2-1: SINGLE (Line Drive, 9S, EV 95.0 MPH)
|
Batting: RHB Tommy Tracy
|
0-0: Ball 1-0: DOUBLE (Flyball, 8RXD, EV 100.6 MPH) Tyler Walker to third
|
Batting: RHB McGwire Jones
|
0-0: Called Strike 0-1: Foul Ball, location: 2F 0-2: Foul Ball, location: 2F 0-2: Ball 1-2: Ball 2-2: Ball 3-2: Strikes out swinging
|
Batting: RHB Josh Broome
|
0-0: Called Strike 0-1: Called Strike 0-2: Foul Ball, location: 2F 0-2: 3-RUN HOME RUN (Flyball, 7D, EV 97.5 MPH), Distance : 367 ft
|
Pitching: RHP Kingo Tsutsumi
|
|
Now in LF: Dan Hunt
|
|
Batting: RHB Immel Kamuzu
|
0-0: Ball 1-0: Ball 2-0: Swinging Strike 2-1: Ball 3-1: Base on Balls
|
Batting: LHB Billy Guzman
|
0-0: Ball 1-0: Foul Ball, location: 2F 1-1: Ball 2-1: Ball 3-1: Foul Ball, location: 2F 3-2: Grounds into double play, 6-4-3 (Groundball, 15, EV 90.0 MPH)
|
Top of the 9th over - 3 runs, 3 hits, 0 errors, 0 left on base; Palm Beach 6 - Charlotte 7 |
|